 Dungeon Crawl Stone Soup version 0.31-a0-659-gc5a091b79a (console) character file.

Game seed: 17640539195982024312

308539 Ignak the Black Belt (level 21, -16/148 (166) HPs)
             Began as a Gnoll Air Elementalist on Aug 30, 2023.
             Was a Priest of Sif Muna.
             Killed from afar by a halazid warlock (20 damage)
             ... with a bolt of negative energy
             ... in the Desolation of Salt on Aug 31, 2023.
             The game lasted 02:59:55 (41810 turns).

Ignak the Black Belt (Gnoll Air Elementalist)      Turns: 41810, Time: 02:59:56

HP:   -16/148 (166) AC: 31    Str: 14    XL:     21   Next: 21%
MP:   12/39         EV: 16    Int: 34    God:    Sif Muna [***...]
Gold: 2181          SH: 10    Dex: 19    Spells: 6/49 levels left

rFire   + + .        c - +9 rapier (drain)
rCold   + . .        f - +2 buckler {AC+3}
rNeg    + . .        Z - +2 ice dragon scales
rPois   +            U - +2 helmet {Int+3}
rElec   +            S - +2 cloak {rCorr}
rCorr   +            s - +1 pair of gloves "Toathog" {Int+6}
SInv    .            n - +0 pair of boots
Will    +....        j - dreamdust necklace {Acrobat}
Stlth   ++++         J - ring "Ziaret" {rElec rF+++ rC- Str+6 Slay+3}
HPRegen 0.44/turn    q - ring of Haelaas {rPois rN+ Dex+6}
MPRegen 0.26/turn

%: acrobat
@: calling dragons, channelling, studying 4 skills, heavily drained
A: fangs 2, strong nose, distributed training, sense surroundings 1
}: 2/15 runes: serpentine, barnacled
a: Renounce Religion, Channel Magic, Forget Spell


You were in the Desolation of Salt.
You worshipped Sif Muna.
Sif Muna was most pleased with you.
You visited 8 branches of the dungeon, and saw 35 of its levels.
You also visited: Gauntlet, Ice Cave, Wizlab and Desolation.

You collected 6601 gold pieces.
You spent 4420 gold pieces at shops.

Inventory:

Hand Weapons
 a - the +7 Throatcutter {drain, coup de grace}
   (You found it on level 6 of the Dungeon)
 b - the +10 zealot's sword {holy, Zealotry, *Rage rN+ EV+3}
   (You found it in an ice cave)

   Zealotry:  Whenever the wielder enters a berserk rage, their allies are
   berserked alongside them.
   EV+3:      It affects your evasion (+3).
   rN+:       It protects you from negative energy.
   *Rage:     It berserks you when you make melee attacks (+20% chance).
 c - a +9 rapier of draining (weapon)
Missiles
 g - 60 poisoned darts (quivered)
Armour
 f - a +2 buckler of protection (worn)
 n - a +0 pair of boots (worn)
 s - the +1 pair of gloves "Toathog" (worn) {Int+6}
   (You found it on level 3 of the Lair of Beasts)

   Int+6:     It affects your intelligence (+6).
 G - a scarf of resistance
 I - a +0 troll leather armour
 S - a +2 cloak of preservation (worn)
 U - a +2 helmet of intelligence (worn)
 Z - +2 ice dragon scales (worn)
Jewellery
 j - the dreamdust necklace (around neck) {Acrobat}
   (You found it on level 4 of the Shoals)

   [amulet of the acrobat]

   Acrobat:   It increases your evasion while moving and waiting.
 q - the ring of Haelaas (right hand) {rPois rN+ Dex+6}
   (You bought it in a shop on level 2 of the Orcish Mines)

   [ring of positive energy]

   Dex+6:     It affects your dexterity (+6).
   rPois:     It protects you from poison rN+: It protects you from negative
   energy.
 y - a ring of resist corrosion
 J - the ring "Ziaret" (left hand) {rElec rF+++ rC- Str+6 Slay+3}
   (You found it in a Gauntlet)

   [ring of strength]

   Str+6:     It affects your strength (+6).
   Slay+3:    It affects your accuracy & damage with ranged weapons and melee
   (+3).
   rF+++:     It renders you almost immune to fire.
   rC-:       It makes you vulnerable to cold.
   rElec:     It insulates you from electricity.
 Q - a ring of flight
Wands
 p - a wand of paralysis (27)
 u - a wand of digging (26)
 B - a wand of iceblast (20)
 C - a wand of quicksilver (16)
 M - a wand of mindburst (56)
 R - a wand of flame (67)
Scrolls
 d - 4 scrolls of identify
 m - 4 scrolls of fog
 w - 6 scrolls of amnesia
 F - 3 scrolls of enchant armour
 H - 3 scrolls of blinking
 K - 4 scrolls of poison
 L - 14 scrolls of teleportation
 T - 5 scrolls of vulnerability
 X - 6 scrolls of fear
Potions
 e - 3 potions of berserk rage
 h - 5 potions of heal wounds
 i - 6 potions of curing
 l - 3 potions of brilliance
 o - 6 potions of lignification
 r - a potion of mutation
 x - 2 potions of haste
 z - 4 potions of might
 A - 3 potions of enlightenment
 D - 2 potions of resistance
 E - a potion of attraction
 N - 3 potions of magic
 P - 3 potions of ambrosia
 V - 2 potions of cancellation
Miscellaneous
 W - a phial of floods (inert)
 Y - a phantom mirror


   Skills:
 + Level 14.7 Fighting
 + Level 16.8 Short Blades
 + Level 14.0 Long Blades
 + Level 14.0 Axes
 + Level 14.0 Maces & Flails
 + Level 14.0 Polearms
 + Level 14.0 Staves
 + Level 14.0 Ranged Weapons
 + Level 14.0 Throwing
 + Level 14.0 Armour
 + Level 14.6 Dodging
 + Level 14.5 Stealth
 + Level 14.0 Shields
 + Level 19.2 Unarmed Combat
 + Level 14.8 Spellcasting
 + Level 13.1 Conjurations
 + Level 11.9 Hexes
 + Level 11.9 Summonings
 + Level 11.9 Necromancy
 + Level 11.9 Translocations
 + Level 11.9 Transmutations
 + Level 11.9 Fire Magic
 + Level 11.9 Ice Magic
 + Level 13.0 Air Magic
 + Level 11.9 Earth Magic
 + Level 11.9 Poison Magic
 + Level 15.1 Invocations
 + Level 14.0 Evocations
 + Level 12.9 Shapeshifting


You had 6 spell levels left.
You knew the following spells:

 Your Spells              Type           Power      Damage    Failure   Level
a - Shock                 Conj/Air       100%       1d9       1%          1
b - Blink                 Tloc           100%       N/A       1%          2
c - Frozen Ramparts       Ice            100%       1d16      1%          3
d - Sticky Flame          Conj/Fire      84%        2d10      1%          4
e - Airstrike             Air            42%        2d(7-23)  1%          4
f - Arcjolt               Conj/Air       42%        1d52      1%          5
g - Swiftness             Air            85%        N/A       1%          3
q - Anguish               Hex/Necr       41%        N/A       1%          4
r - Lee's Rapid Deconstr  Erth           41%        3d20*     1%          5
t - Freezing Cloud        Conj/Ice/Air   42%        6-21      1%          5
x - Ignite Poison         Fire/Tmut/Pois 82%        N/A       1%          3
z - Olgreb's Toxic Radia  Pois           82%        N/A       1%          4

Your spell library contained the following spells:

 Spells                   Type           Power      Damage    Failure   Level
 Foxfire                  Conj/Fire      100%       2x1d9     1%          1
 Magic Dart               Conj           100%       1d8       1%          1
 Summon Small Mammal      Summ           100%       N/A       1%          1
 Call Imp                 Summ           100%       N/A       1%          2
 Cigotuvi's Dreadful Rot  Necr/Pois/Air  100%       N/A       1%          2
 Ensorcelled Hibernation  Hex/Ice        100%       N/A       1%          2
 Lesser Beckoning         Tloc           100%       N/A       1%          2
 Momentum Strike          Conj/Tloc      100%       3d10      1%          2
 Scorch                   Fire           100%       2d9       1%          2
 Searing Ray              Conj           100%       2d8       1%          2
 Static Discharge         Conj/Air       100%       2-7/arc   1%          2
 Sublimation of Blood     Necr           82%        N/A       1%          2
 Wereblood                Tmut           82%        N/A       1%          2
 Call Canine Familiar     Summ           82%        N/A       1%          3
 Dazzling Flash           Conj/Hex       100%       N/A       1%          3
 Hailstorm                Conj/Ice       84%        3d17      1%          3
 Inner Flame              Hex/Fire       82%        N/A       1%          3
 Portal Projectile        Hex/Tloc       100%       N/A       1%          3
 Summon Guardian Golem    Hex/Summ       82%        N/A       1%          3
 Tukima's Dance           Hex            82%        N/A       1%          3
 Volatile Blastmotes      Fire/Tloc      100%       2d18      1%          3
 Animate Armour           Summ/Erth      100%       N/A       1%          4
 Animate Dead             Necr           82%        N/A       1%          4
 Flame Wave               Conj/Fire      84%        2d18      1%          4
 Fulminant Prism          Conj/Hex       42%        3d19      1%          4
 Iskenderun's Mystic Bla  Conj/Tloc      84%        2d17      1%          4
 Leda's Liquefaction      Hex/Erth       41%        N/A       1%          4
 Passage of Golubria      Tloc           82%        N/A       1%          4
 Petrify                  Tmut/Erth      82%        N/A       1%          4
 Summon Lightning Spire   Summ/Air       83%        N/A       1%          4
 Vhi's Electric Charge    Tloc/Air       100%       N/A       1%          4
 Agony                    Necr           82%        N/A       1%          5
 Alistair's Intoxication  Tmut/Pois      54%        N/A       1%          5
 Borgnjor's Vile Clutch   Necr/Erth      41%        N/A       1%          5
 Fireball                 Conj/Fire      42%        3d17      1%          5
 Irradiate                Conj/Tmut      42%        3d25      1%          5
 Iskenderun's Battlesphe  Conj           86%        2d13      1%          5
 Metabolic Englaciation   Hex/Ice        41%        N/A       1%          5
 Silence                  Hex/Air        41%        N/A       1%          5
 Summon Forest            Summ/Tloc      41%        N/A       1%          5
 Summon Mana Viper        Hex/Summ       82%        N/A       1%          5
 Yara's Violent Unravell  Hex/Tmut       41%        3d16      1%          5
 Conjure Ball Lightning   Conj/Air       42%        3x3d15    4%          6
 Leda's Unmaking          Conj/Erth      42%        9d7       6%          6
 Plasma Beam              Fire/Air       41%        2x1d55    6%          6
 Starburst                Conj/Fire      42%        6d12      6%          6
 Death Channel            Necr           41%        N/A       8%          6
 Simulacrum               Ice/Necr       41%        N/A       8%          6
 Summon Cactus Giant      Summ           41%        N/A       8%          6
 Spellforged Servitor     Conj/Summ      42%        N/A       32%         7
 Haunt                    Necr/Summ      41%        N/A       38%         7
 Summon Hydra             Summ           41%        N/A       38%         7
 Maxwell's Capacitive Co  Air            42%        ∞         91%         8
 Discord                  Hex            41%        N/A       97%         8
 Ignition                 Fire           41%        3d12      97%         8
 Infestation              Necr           41%        N/A       97%         8
 Chain Lightning          Conj/Air       42%        3d56      100%        9
 Dragon's Call            Summ           41%        N/A       100%        9


Dungeon Overview and Level Annotations

Branches:
Dungeon (15/15)            Temple (1/1) D:4            Lair (5/5) D:10
 Shoals (4/4) Lair:2        Snake (4/4) Lair:2        Slime (0/5) Lair:5
    Orc (2/2) D:12            Elf (2/3) Orc:2        Vaults (2/5) D:13
  Crypt (0/3) Vaults:2     Depths (0/4) D:15          IceCv (visited)
 WizLab (visited)         Desolation (1/1)          Gauntlet (visited)

Altars:
Ashenzari
Cheibriados
Dithmenos
Elyvilon
Fedhas
Gozag
Hepliaklqana
Kikubaaqudgha
Makhleb
Nemelex Xobeh
Okawaru
Qazlal
Ru
Sif Muna
Trog
Uskayaw
Vehumet
Wu Jian
Xom
Yredelemnul
Zin
The Shining One
Jiyva

Shops:
D:4 (*   Orc:2 (=[*   Elf:1 [   Elf:2 :   Shoals:2 (   Snake:3 ?   Vaults:1 =

Portals:
Trove: D:11 (give +2 gold dragon scales)

Annotations:
D:4 2 runed translucent doors, topfpfpflanze's ghost, amateur OpFE
Elf:2 3 runed translucent doors


Innate Abilities, Weirdness & Mutations

You have extremely sharp teeth.
Your uncanny sense of smell can sniff out nearby items.
Your experience applies equally to all skills.
You passively map a small area around you.


Message History

You partially resist.
You feel drained.
* * * LOW HITPOINT WARNING * * *
The servant of whispers misses your shadow dragon.
The ironbound convoker hits your shadow dragon with a +0 flail!
The halazid warlock closely misses your shadow dragon.
Your golden dragon bites the ragged hierophant!
Your golden dragon claws the ragged hierophant but does no damage.
Your golden dragon tramples the ragged hierophant.
The ragged hierophant holds its ground!
Your ice dragon closely misses the saltling.
Your ice dragon barely misses the saltling.
Your ice dragon tramples the saltling but does no damage.
Your saltling hits the servant of whispers!
The servant of whispers hits your peacekeeper but does no damage.
Your shadow dragon breathes negative energy at the servant of whispers.
The bolt of negative energy hits the servant of whispers!!!
The servant of whispers is drained!
The air resumes its normal movements.
The servant of whispers dies!
Sif Muna accepts your kill.
Your fire dragon bites the saltling.
Your fire dragon claws the saltling!
Your fire dragon tramples the saltling.
The saltling stumbles backwards!
Your saltling closely misses the saltling.
Unknown command.
The saltling hits your saltling.
Your saltling is destroyed!
Your saltling disappears in a puff of smoke!
Your peacekeeper bites the servant of whispers!!
The servant of whispers dies!
The servant of whispers's corpse dissolves into shadows!
The saltling closely misses your ice dragon.
The saltling hits you!!
* * * LOW HITPOINT WARNING * * *
The saltling hits your fire dragon.
The peacekeeper roars a battlecry!
The golems go into a battle-frenzy!
The halazid warlock gestures at you while chanting.
The bolt of negative energy hits the peacekeeper.
The peacekeeper completely resists.
The bolt of negative energy hits you!! You partially resist.
You feel drained.
You die...

........................
........................
, ,
........................
..9.................... ,
.................†..... ,
. ##...........).).....
...#....9..9....L.).....
........999.a...).......
,.......@9∩L.p.D....)....
, ,
..........9DL....9).....
..........9.9a......)..#
,
#.........D9D......)....
.......)...9.9.9........
.........9###..a.)......
,
...........#............
,
........................
, .........p...#..


You could see 2 ragged hierophants, 2 halazid warlocks, an ironbound convoker, 2
peacekeepers, 9 saltlings, a friendly shadow dragon (summoned, catching breath),
a friendly golden dragon (summoned), a friendly fire dragon (summoned), a
friendly ice dragon (summoned), a friendly peacekeeper (summoned) and 2 friendly
saltlings.

Vanquished Creatures
  Vashnia (Snake:2)
  Mlioglotl (Snake:1)
  A sphinx (Vaults:1)
  Frances (Snake:2)
  A kraken (Shoals:4)
  Aizul (Snake:2)
  A tengu reaver (Vaults:1)
  Donald (Snake:3)
  6 nagarajas
  The ghost of confidenceinterval the Spry, an adept FeMo of Trog (Shoals:3)
  An imperial myrmidon (Desolation)
  A frost giant (IceCv)
  2 orc warlords
  7 ironbound preservers
  A war gargoyle (Vaults:2)
  3 very ugly things (Vaults:1)
  Nessos (D:14)
  An ironbound thunderhulk (Vaults:2)
  A formless jellyfish (Vaults:1)
  2 deep elf demonologists
  2 deep elf annihilators
  4 dire elephants
  A minotaur (Gauntlet)
  The ghost of wpisznazwe the Peltast, a journeyman DgGl (Lair:5)
  A crystal guardian (Vaults:2)
  3 merfolk impalers
  2 merfolk javelineers
  A ragged hierophant (Desolation)
  3 servants of whispers (Desolation)
  An ice dragon (Lair:5)
  3 salamander tyrants
  2 hydras
  3 merfolk aquamancers (Shoals:4)
  2 peacekeepers (Desolation)
  2 alligator snapping turtles (Shoals:4)
  12 centaur warriors
  6 anacondas
  2 merfolk avatars
  6 boulder beetles
  An ironbound frostheart (Vaults:1)
  8 naga warriors
  A satyr (Shoals:2)
  4 two-headed ogres
  9 dancing weapons
  2 death yaks (IceCv)
  A tengu warrior (D:13)
  11 naga sharpshooters
  Sonja (D:10)
  7 shock serpents
  2 thrashing horrors (Gauntlet)
  5 deep elf knights
  An orc high priest (Orc:2)
  3 salamander mystics
  11 sea snakes
  3 skysharks
  A skeletal warrior (D:15)
  14 deep trolls (Vaults:1)
  2 wizards
  2 naga ritualists (Snake:4)
  7 lindwurms
  2 orange crystal statues
  6 deep elf archers
  A phantasmal warrior (D:13)
  3 ironbound convokers
  9 orc knights
  27 deep elf pyromancers
  18 deep elf zephyrmancers
  6 fauns (Shoals:2)
  7 mana vipers
  2 oklob plants
  2 wolf spiders
  8 harpies
  17 ugly things
  8 cyclopes
  17 manticores
  12 salamanders
  5 orc sorcerers
  8 merfolk sirens
  Maurice (D:9)
  33 black mambas
  4 water nymphs
  4 guardian serpents
  3 vault sentinels (Vaults:1)
  12 cane toads
  6 torpor snails
  A molten gargoyle (Desolation)
  An ice statue (IceCv)
  8 naga magi
  3 orange demons (Elf:2)
  5 rime drakes
  2 unseen horror zombies (D:9)
  A kobold demonologist (D:13)
  4 yaktaurs
  6 komodo dragons
  An efreet (D:15)
  A meliai (Lair:5)
  7 merfolk
  A queen bee (Lair:5)
  10 polar bears
  4 red devils (D:15)
  9 trolls
  A wind drake (shapeshifter) (D:15)
  3 tyrant leeches (Lair:5)
  22 saltlings
  Grinder (D:3)
  13 hornets
  5 wind drakes
  14 blink frogs
  2 dream sheep (Shoals:1)
  5 snapping turtles
  7 slime creatures
  Sigmund (D:6)
  An air elemental (Elf:1)
  14 water elementals
  3 shadows (Gauntlet)
  76 yaks
  2 spriggans (shapeshifter)
  11 wyverns
  2 wraiths
  2 steam dragons (D:9)
  A redback (Lair:5)
  7 basilisks
  2 fire elementals
  3 vampire mosquitoes (D:10)
  4 wargs
  34 nagas
  4 acid dragons
  Edmund (D:6)
  25 water moccasins
  34 orc warriors
  An ice beast (D:5)
  3 black bears
  2 sky beasts
  32 wolves
  6 ogres
  24 centaurs
  A phantom (D:4)
  A kobold brigand (D:10)
  11 bullfrogs
  A gnoll sergeant (D:6)
  A wyvern zombie (D:9)
  2 earth elementals (Elf:1)
  14 scorpions
  19 wights
  17 killer bees
  8 electric eels
  5 howler monkeys (D:10)
  3 centaur zombies (D:9)
  2 hounds (D:6)
  3 small abominations (Gauntlet)
  21 orc priests
  2 jellies
  2 sleepcaps
  5 iguanas
  18 orc wizards
  A killer bee zombie (D:9)
  2 howler monkey zombies (D:9)
  6 adders
  15 gnolls
  A shadow imp (D:6)
  A white imp (D:8)
  2 worms
  5 dart slugs
  64 orcs
  4 bats
  12 endoplasms
  8 giant cockroaches
  7 goblins
  7 hobgoblins
  3 jackals (D:1)
  7 kobolds
  3 quokkas
  3 training dummies (Shoals:2)
  6 ball pythons
  4 frilled lizards (D:1)
  3 rat zombies (D:6)
1141 creatures vanquished.

Vanquished Creatures (collateral kills)
  A sphinx (Vaults:2)
  A nagaraja (Snake:4)
  The ghost of Temaumar the Severer, an adept GrBe of Trog (Snake:4)
  An orc warlord (Vaults:2)
  An ironbound preserver (Vaults:2)
  A dire elephant (Vaults:2)
  3 yaktaur captains (Vaults:2)
  A great orb of eyes (Vaults:2)
  3 entropy weavers (Vaults:2)
  A ragged hierophant (Desolation)
  A servant of whispers (Desolation)
  2 peacekeepers (Vaults:2)
  An ironbound frostheart (Vaults:2)
  5 naga warriors (Snake:4)
  3 naga sharpshooters (Snake:4)
  2 naga ritualists (Snake:4)
  A wizard (Vaults:2)
  4 ironbound convokers
  3 salamanders (Snake:4)
  2 vault sentinels (Vaults:2)
  A guardian serpent (Desolation)
  A naga mage (Snake:4)
  2 yaktaurs (Vaults:2)
  3 saltlings
  9 nagas (Snake:4)
54 creatures vanquished.

Vanquished Creatures (others)
  2 ragged hierophants (Desolation)
  2 hydras
  An ogre mage (D:15)
  A naga warrior (Snake:4)
  2 deep elf knights
  A deep elf pyromancer (Elf:2)
  A salamander (Snake:4)
  4 deep elf zephyrmancers
  2 ugly things (D:15)
  2 moths of wrath (Snake:4)
  A guardian serpent (Desolation)
  A naga mage (Snake:4)
  A naga (Snake:4)
  An electric eel (D:14)
  14 tentacles (Shoals:4)
36 creatures vanquished.

Grand Total: 1231 creatures vanquished

Notes
Turn   | Place    | Note
-------+----------+-------------------------------------------
     0 | D:1      | Ignak the Gnoll Air Elementalist began the quest for the
                  | Orb.
     0 | D:1      | Reached XP level 1. HP: 13/13 MP: 6/6
    55 | D:1      | Reached XP level 2. HP: 5/19 MP: 0/7
   310 | D:1      | Got the Teachings on Evolution and the Crypt
   341 | D:1      | Reached XP level 3. HP: 25/25 MP: 9/9
   390 | D:1      | Reached skill level 5 in Spellcasting
   788 | D:2      | Reached skill level 1 in Invocations
   839 | D:2      | Reached skill level 1 in Unarmed Combat
   845 | D:2      | Reached skill level 1 in Fighting
   845 | D:2      | Reached skill level 1 in Short Blades
   845 | D:2      | Reached skill level 1 in Long Blades
   845 | D:2      | Reached skill level 1 in Axes
   845 | D:2      | Reached skill level 1 in Maces & Flails
   845 | D:2      | Reached skill level 1 in Polearms
   845 | D:2      | Reached skill level 1 in Staves
   845 | D:2      | Reached skill level 1 in Ranged Weapons
   845 | D:2      | Reached skill level 1 in Throwing
   845 | D:2      | Reached skill level 1 in Armour
   845 | D:2      | Reached skill level 1 in Shields
   845 | D:2      | Reached skill level 1 in Evocations
   846 | D:2      | Reached skill level 1 in Shapeshifting
   846 | D:2      | Reached XP level 4. HP: 28/32 MP: 3/11
   852 | D:2      | Learned a level 4 spell: Olgreb's Toxic Radiance
   856 | D:2      | Learned a level 3 spell: Swiftness
  1083 | D:2      | Reached skill level 1 in Hexes
  1083 | D:2      | Reached skill level 1 in Summonings
  1083 | D:2      | Reached skill level 1 in Necromancy
  1083 | D:2      | Reached skill level 1 in Translocations
  1083 | D:2      | Reached skill level 1 in Transmutations
  1083 | D:2      | Reached skill level 1 in Fire Magic
  1083 | D:2      | Reached skill level 1 in Ice Magic
  1083 | D:2      | Reached skill level 1 in Earth Magic
  1083 | D:2      | Reached skill level 1 in Poison Magic
  1401 | D:3      | Reached XP level 5. HP: 22/37 MP: 7/12
  1406 | D:3      | Reached skill level 2 in Unarmed Combat
  1576 | D:3      | Noticed Grinder
  1592 | D:3      | Learned a level 4 spell: Airstrike
  1626 | D:3      | Paralysed by Grinder for 4 turns
  1631 | D:3      | Killed Grinder
  1632 | D:3      | Reached skill level 5 in Dodging
  1632 | D:3      | Reached XP level 6. HP: 44/44 MP: 1/14
  1827 | D:3      | Reached skill level 3 in Unarmed Combat
  1926 | D:3      | Found a radiant altar of Vehumet.
  1927 | D:3      | Found a bloodstained altar of Trog.
  2284 | D:4      | Found Deihesec's Antique Weapon Boutique.
  2316 | D:4      | Reached XP level 7. HP: 50/50 MP: 9/15
  2409 | D:4      | Found a large runed translucent door.
  2411 | D:4      | Found a large runed translucent door.
  2413 | D:4      | Noticed topfpfpflanze's ghost (amateur OpFE)
  2442 | D:4      | Found a glowing silver altar of Zin.
  2455 | D:4      | Found a staircase to the Ecumenical Temple.
  2465 | Temple   | Entered the Ecumenical Temple
  2642 | D:4      | Reached skill level 5 in Stealth
  2659 | D:4      | Identified a scroll of acquirement
  2688 | D:4      | Found Hufol's Assorted Antiques.
  2804 | D:4      | Found a broken altar of Ashenzari.
  2825 | D:4      | Reached skill level 4 in Unarmed Combat
  3136 | D:5      | Entered Level 5 of the Dungeon
  3316 | D:5      | Reached XP level 8. HP: 43/58 MP: 0/16
  3700 | D:4      | Bought a crude buckler for 209 gold pieces
  3700 | D:4      | Identified the +0 buckler of Generosity {+Blink Dex+9} (You
                  | bought it in a shop on level 4 of the Dungeon)
  3865 | D:5      | Found a shimmering blue altar of Sif Muna.
  3882 | D:5      | Became a worshipper of Sif Muna the Loreminder
  3924 | D:5      | Found a blossoming altar of Fedhas.
  3948 | D:5      | Noticed an oklob plant
  4414 | D:5      | Killed an oklob plant
  4415 | D:5      | Reached skill level 5 in Unarmed Combat
  4820 | D:5      | Reached XP level 9. HP: 61/65 MP: 18/18
  5563 | D:6      | Noticed Sigmund
  5565 | D:6      | Killed Sigmund
  5566 | D:6      | Reached skill level 6 in Unarmed Combat
  5618 | D:6      | Found the +7 Throatcutter {drain, coup de grace}
  5636 | D:6      | Found an ancient bone altar of Kikubaaqudgha.
  6005 | D:6      | Noticed a troll
  6124 | D:5      | Killed a troll
  6126 | D:5      | Reached skill level 5 in Invocations
  6172 | D:6      | Noticed Edmund
  6175 | D:6      | Killed Edmund
  6176 | D:6      | Reached * piety under Sif Muna
  6227 | D:6      | Learned a level 4 spell: Sticky Flame
  6506 | D:7      | Reached skill level 7 in Unarmed Combat
  6506 | D:7      | Reached XP level 10. HP: 68/73 MP: 12/20
  6508 | D:7      | Reached skill level 5 in Fighting
  6508 | D:7      | Reached skill level 5 in Short Blades
  6508 | D:7      | Reached skill level 5 in Long Blades
  6508 | D:7      | Reached skill level 5 in Axes
  6508 | D:7      | Reached skill level 5 in Maces & Flails
  6508 | D:7      | Reached skill level 5 in Polearms
  6508 | D:7      | Reached skill level 5 in Staves
  6508 | D:7      | Reached skill level 5 in Ranged Weapons
  6508 | D:7      | Reached skill level 5 in Throwing
  6508 | D:7      | Reached skill level 5 in Armour
  6508 | D:7      | Reached skill level 5 in Shields
  6508 | D:7      | Reached skill level 5 in Evocations
  6592 | D:7      | Noticed an orc sorcerer
  6600 | D:7      | Killed an orc sorcerer
  7043 | D:7      | Reached skill level 5 in Conjurations
  7555 | D:4      | Bought a pitted sapphire amulet for 110 gold pieces
  7555 | D:4      | Identified the amulet "Riofoth" {Spirit rF++ Will- Str+3}
                  | (You bought it in a shop on level 4 of the Dungeon)
  7555 | D:4      | Bought a scroll labelled ANAEPL UPHU for 22 gold pieces
  7628 | D:8      | Reached ** piety under Sif Muna
  7642 | D:7      | Reached skill level 5 in Shapeshifting
  7787 | D:8      | Reached skill level 8 in Unarmed Combat
  7807 | D:8      | Acquired 551 gold pieces
  7946 | D:4      | Bought a scroll labelled GAYM EFIMUABYSH for 22 gold pieces
  7946 | D:4      | Bought a scroll of blinking for 165 gold pieces
  7946 | D:4      | Bought a crooked bone wand for 88 gold pieces
  7995 | D:4      | Bought a glowing rapier for 175 gold pieces
  8144 | D:8      | Found a burning altar of Makhleb.
  8146 | D:8      | Found a snail-covered altar of Cheibriados.
  8790 | D:9      | Found an ornate altar of the Wu Jian Council.
  8882 | D:9      | Reached XP level 11. HP: 61/81 MP: 22/22
  8977 | D:9      | Found a basalt altar of Yredelemnul.
  9227 | D:9      | Noticed Maurice
  9236 | D:9      | Killed Maurice
  9237 | D:9      | Reached skill level 5 in Hexes
  9237 | D:9      | Reached skill level 5 in Summonings
  9237 | D:9      | Reached skill level 5 in Necromancy
  9237 | D:9      | Reached skill level 5 in Translocations
  9237 | D:9      | Reached skill level 5 in Transmutations
  9237 | D:9      | Reached skill level 5 in Fire Magic
  9237 | D:9      | Reached skill level 5 in Ice Magic
  9237 | D:9      | Reached skill level 5 in Earth Magic
  9237 | D:9      | Reached skill level 5 in Poison Magic
  9431 | D:10     | Entered Level 10 of the Dungeon
  9469 | D:10     | Noticed Sonja
  9479 | D:10     | Killed Sonja
  9750 | D:10     | Reached skill level 9 in Unarmed Combat
  9752 | D:10     | Reached *** piety under Sif Muna
 10132 | D:10     | Found a staircase to the Lair.
 10156 | D:10     | Noticed a two-headed ogre
 10159 | D:10     | Killed a two-headed ogre
 10183 | D:10     | Found a glowing golden altar of the Shining One.
 10568 | D:11     | Noticed a two-headed ogre
 10579 | D:11     | Killed a two-headed ogre
 10667 | D:11     | Noticed a cyan ugly thing
 10674 | D:11     | Killed a cyan ugly thing
 10709 | D:11     | Noticed a purple ugly thing
 10719 | D:11     | Killed a purple ugly thing
 10720 | D:11     | Reached skill level 10 in Unarmed Combat
 10720 | D:11     | Reached XP level 12. HP: 79/91 MP: 24/24
 10825 | D:11     | Reached **** piety under Sif Muna
 10951 | D:11     | Noticed a two-headed ogre
 10956 | D:11     | Killed a two-headed ogre
 11245 | D:11     | Noticed a boulder beetle
 11264 | D:11     | Killed a boulder beetle
 11337 | D:11     | Noticed a boulder beetle
 11351 | D:11     | Killed a boulder beetle
 11483 | D:11     | Got Kulune's Compendium of Snow and Moulding
 11488 | D:11     | Learned a level 3 spell: Frozen Ramparts
 11553 | D:11     | Found a portal to a secret trove of treasure.
 11772 | D:12     | You fall into a shaft and drop 1 floor!
 11902 | D:12     | Noticed a two-headed ogre
 11924 | D:12     | Killed a two-headed ogre
 12199 | D:12     | Found a staircase to the Orcish Mines.
 12221 | D:12     | Gained mutation: You have large cloven feet. [potion of
                  | mutation]
 12221 | D:12     | Gained mutation: You are frail. (-10% HP) [potion of
                  | mutation]
 12221 | D:12     | Gained mutation: You occasionally lose the ability to drink
                  | potions when taking damage. [potion of mutation]
 12221 | D:12     | Gained mutation: You are somewhat resistant to further
                  | mutation. [potion of mutation]
 12222 | D:12     | Lost mutation: You are somewhat resistant to further
                  | mutation. [potion of mutation]
 12222 | D:12     | Lost mutation: You occasionally lose the ability to drink
                  | potions when taking damage. [potion of mutation]
 12222 | D:12     | Lost mutation: You have large cloven feet. [potion of
                  | mutation]
 12222 | D:12     | Gained mutation: Your body sometimes deteriorates upon
                  | taking damage. [potion of mutation]
 12222 | D:12     | Lost mutation: You are frail. (-10% HP) [potion of
                  | mutation]
 12774 | Orc:1    | Entered Level 1 of the Orcish Mines
 12818 | Orc:1    | Reached skill level 11 in Unarmed Combat
 12850 | Orc:1    | Reached ***** piety under Sif Muna
 13042 | Orc:2    | Entered Level 2 of the Orcish Mines
 13082 | Orc:2    | Received a gift from Sif Muna
 13484 | Orc:2    | Reached XP level 13. HP: 91/98 MP: 15/26
 13644 | Orc:2    | Noticed an orc warlord
 13679 | Orc:2    | Killed an orc warlord
 14023 | Orc:2    | Found Weuweel's Antique Weapon Shoppe.
 14029 | Orc:2    | Found Yfeyfe's Antique Armour Shoppe.
 14088 | Orc:2    | Found Keacid's Jewellery Shoppe.
 14094 | Orc:2    | Bought the ring of Haelaas {rPois rN+ Dex+6} for 613 gold
                  | pieces
 14109 | Orc:2    | Found Keosib's General Store.
 14116 | Orc:2    | Bought a potion of mutation for 80 gold pieces
 14116 | Orc:2    | Bought a scroll of teleportation for 30 gold pieces
 14116 | Orc:2    | Lost mutation: Your body sometimes deteriorates upon taking
                  | damage. [potion of mutation]
 14116 | Orc:2    | Gained mutation: You have a pair of small antennae on your
                  | head. [potion of mutation]
 14116 | Orc:2    | Gained mutation: Your muscles are strong. (Str +4, Int/Dex
                  | -1) [potion of mutation]
 14133 | Orc:2    | Bought a pair of embroidered gloves for 180 gold pieces
 14253 | Orc:2    | Found a staircase to the Elven Halls.
 14550 | Orc:1    | Received a gift from Sif Muna
 14597 | Orc:1    | You fall into a shaft and drop 1 floor!
 14934 | Lair:1   | Entered Level 1 of the Lair of Beasts
 15111 | Lair:1   | Reached skill level 12 in Unarmed Combat
 15157 | Lair:1   | Reached skill level 10 in Spellcasting
 15854 | Lair:2   | Found a staircase to the Shoals.
 15882 | Lair:2   | Found a frozen archway.
 15888 | IceCv    | Entered an ice cave
 15997 | IceCv    | Reached skill level 10 in Dodging
 16334 | IceCv    | Reached XP level 14. HP: 106/106 MP: 28/28
 16384 | IceCv    | Reached skill level 10 in Stealth
 16490 | IceCv    | Noticed a frost giant
 16511 | IceCv    | Reached skill level 10 in Invocations
 16517 | IceCv    | Killed a frost giant
 16623 | IceCv    | Found the +10 zealot's sword {holy, Zealotry, *Rage rN+
                  | EV+3}
 16665 | IceCv    | Got the Incunable of the Blizzard
 16983 | Orc:2    | Bought an amulet of reflection for 420 gold pieces
 17251 | Lair:2   | Received a gift from Sif Muna
 17254 | Lair:2   | Got Vachy's Precepts of Air and the Black Widow {god gift}
 17282 | Lair:2   | Reached skill level 13 in Unarmed Combat
 17323 | Lair:2   | Learned a level 5 spell: Arcjolt
 17330 | Lair:2   | Found a staircase to the Snake Pit.
 18612 | Lair:3   | Identified the +1 pair of gloves "Toathog" {Int+6}
 19225 | Lair:4   | Found a shimmering altar of Xom.
 19342 | Lair:4   | Identified the +0 leather armour of Xupran {Str+2}
 19865 | Lair:5   | Entered Level 5 of the Lair of Beasts
 19910 | Lair:5   | Found a gate leading to a gauntlet.
 19916 | Gauntlet | Entered a Gauntlet
 19916 | Gauntlet | Found a transporter.
 19916 | Gauntlet | Found a transporter.
 19916 | Gauntlet | Found a transporter.
 19917 | Gauntlet | Found a transporter.
 19921 | Gauntlet | Found a transporter.
 19927 | Gauntlet | Found a transporter.
 19932 | Gauntlet | Found a transporter.
 19932 | Gauntlet | Found a transporter.
 19933 | Gauntlet | Found a transporter.
 19935 | Gauntlet | Found a transporter.
 19944 | Gauntlet | Found a transporter.
 19945 | Gauntlet | Found a transporter.
 20085 | Gauntlet | Identified the +3 war axe of the Ghost {heavy, rElec rPois
                  | Dex-4 SInv}
 20186 | Gauntlet | Received a gift from Sif Muna
 20283 | Gauntlet | Identified the ring "Ziaret" {rElec rF+++ rC- Str+6 Slay+3}
 20387 | Gauntlet | Identified the +2 trident "Pucuebah" {freeze, rElec Stlth+}
 20405 | Gauntlet | Identified the +4 sling of Jexac {elec, Will+}
 20408 | Gauntlet | Identified the +5 ring mail "Mesiyr" {Harm rCorr}
 20411 | Gauntlet | Got Sif Muna's Disquisition on the Different Grave
 20431 | Gauntlet | Learned a level 2 spell: Blink
 20492 | Lair:5   | Noticed wpisznazwe's ghost (journeyman DgGl)
 20536 | Lair:5   | Reached skill level 10 in Air Magic
 20550 | Lair:5   | Reached XP level 15. HP: 113/115 MP: 30/30
 20670 | Lair:5   | Found a viscous altar of Jiyva.
 20671 | Lair:5   | Found a staircase to the Slime Pits.
 20677 | Lair:5   | Reached skill level 10 in Fighting
 20677 | Lair:5   | Reached skill level 10 in Short Blades
 20677 | Lair:5   | Reached skill level 10 in Long Blades
 20677 | Lair:5   | Reached skill level 10 in Axes
 20677 | Lair:5   | Reached skill level 10 in Maces & Flails
 20677 | Lair:5   | Reached skill level 10 in Polearms
 20677 | Lair:5   | Reached skill level 10 in Staves
 20677 | Lair:5   | Reached skill level 10 in Ranged Weapons
 20677 | Lair:5   | Reached skill level 10 in Throwing
 20677 | Lair:5   | Reached skill level 10 in Armour
 20677 | Lair:5   | Reached skill level 10 in Shields
 20677 | Lair:5   | Reached skill level 10 in Evocations
 20977 | Lair:5   | Found a transporter.
 20981 | Lair:5   | Found a transporter.
 21033 | Lair:5   | Reached skill level 14 in Unarmed Combat
 21444 | Lair:5   | Killed wpisznazwe's ghost
 21523 | Lair:5   | Identified the +8 great sword "Voboupn" {freeze, Contam
                  | rPois MP+9 Int+4}
 21806 | Lair:5   | Found a runed translucent door.
 21952 | Lair:5   | Received a gift from Sif Muna
 21957 | Lair:5   | Got Sif Muna's Parchment of Burning {god gift}
 23233 | D:13     | Found a gate to the Vaults.
 24004 | D:14     | Learned a level 4 spell: Anguish
 24035 | D:14     | Noticed Nessos
 24043 | D:14     | Killed Nessos
 24370 | D:14     | Reached XP level 16. HP: 102/124 MP: 31/31
 24584 | D:14     | Acquired 928 gold pieces
 24588 | D:14     | Acquired 528 gold pieces
 24775 | D:15     | Entered Level 15 of the Dungeon
 24818 | D:15     | Reached skill level 15 in Unarmed Combat
 25029 | D:15     | Reached skill level 10 in Shapeshifting
 25256 | D:15     | Found a staircase to the Depths.
 25946 | D:15     | Received a gift from Sif Muna
 26313 | Snake:1  | Entered Level 1 of the Snake Pit
 26776 | Snake:1  | Noticed Mlioglotl
 27194 | Snake:1  | Paralysed by accursed screaming for 1 turns
 27208 | Snake:1  | Killed Mlioglotl
 27724 | Snake:2  | Got Syteyq's Encyclopedia of Bombardment
 27923 | Snake:2  | Noticed Vashnia
 27927 | Snake:2  | Killed Vashnia
 27928 | Snake:2  | Found an ornate altar of the Wu Jian Council.
 27940 | Snake:2  | Noticed Frances
 27954 | Snake:2  | Killed Frances
 27967 | Snake:2  | Noticed Aizul
 27985 | Snake:2  | Killed Aizul
 28210 | Snake:2  | Reached skill level 10 in Conjurations
 28215 | Snake:2  | Reached XP level 17. HP: 100/131 MP: 5/33
 28623 | Snake:3  | Reached skill level 16 in Unarmed Combat
 29066 | Snake:3  | Noticed Donald
 29070 | Snake:3  | Killed Donald
 29110 | Snake:3  | Found a transporter.
 29117 | Snake:3  | Found a transporter.
 29201 | Snake:3  | Learned a level 5 spell: Lee's Rapid Deconstruction
 29550 | Snake:3  | Identified the ring of Xalawaitz {rC+ Will- Int+4}
 30098 | Snake:3  | Found Komist's Magic Scroll Shop.
 30101 | Snake:3  | Bought a scroll of identify for 36 gold pieces
 30101 | Snake:3  | Bought a scroll of teleportation for 54 gold pieces
 30101 | Snake:3  | Bought a scroll of acquirement for 936 gold pieces
 30116 | Snake:3  | Acquired 817 gold pieces
 30173 | Snake:4  | Entered Level 4 of the Snake Pit
 30245 | Snake:4  | Reached skill level 10 in Hexes
 30245 | Snake:4  | Reached skill level 10 in Summonings
 30245 | Snake:4  | Reached skill level 10 in Necromancy
 30245 | Snake:4  | Reached skill level 10 in Translocations
 30245 | Snake:4  | Reached skill level 10 in Transmutations
 30245 | Snake:4  | Reached skill level 10 in Fire Magic
 30245 | Snake:4  | Reached skill level 10 in Ice Magic
 30245 | Snake:4  | Reached skill level 10 in Earth Magic
 30245 | Snake:4  | Reached skill level 10 in Poison Magic
 30983 | Snake:4  | Found a transporter.
 31626 | Snake:4  | Got a serpentine rune of Zot
 31692 | Snake:4  | Found a transporter.
 31696 | Snake:4  | Noticed Temaumar's ghost (adept GrBe)
 31697 | Snake:4  | Found a bloodstained altar of Trog.
 32269 | Snake:4  | Killed Temaumar's ghost
 32586 | Elf:1    | Entered Level 1 of the Elven Halls
 32614 | Elf:1    | Found a radiant altar of Vehumet.
 32616 | Elf:1    | Reached XP level 18. HP: 140/140 MP: 35/35
 32642 | Elf:1    | Reached skill level 17 in Unarmed Combat
 33013 | Elf:1    | Noticed a Hell Sentinel
 33664 | Elf:1    | Found Etuam's Antique Armour Emporium.
 33982 | Elf:2    | Found Degelis's Book Emporium.
 33995 | Elf:2    | Bought a manual of Conjurations for 1280 gold pieces
 34926 | Elf:2    | Found a runed translucent gate.
 34929 | Elf:2    | Found a runed translucent gate.
 34930 | Elf:2    | Found a runed translucent gate.
 35319 | Shoals:1 | Entered Level 1 of the Shoals
 35679 | Shoals:1 | You fall into a shaft and drop 1 floor!
 35679 | Shoals:2 | Found Ilonaakh's Firing Range.
 35696 | Shoals:2 | Received a gift from Sif Muna
 36181 | Shoals:2 | Reached skill level 15 in Short Blades
 37136 | Shoals:3 | Reached XP level 19. HP: 86/149 MP: 22/36
 37513 | Shoals:3 | Noticed confidenceinterval's ghost (adept FeMo)
 37516 | Shoals:3 | Found a runed translucent door.
 37563 | Shoals:3 | Killed confidenceinterval's ghost
 37564 | Shoals:3 | Reached skill level 18 in Unarmed Combat
 37757 | Shoals:3 | Learned a level 5 spell: Freezing Cloud
 37820 | Shoals:3 | Upgraded the game from 0.31-a0-655-gf2d5465dac to
                  | 0.31-a0-659-gc5a091b79a
 37836 | Shoals:4 | Entered Level 4 of the Shoals
 38291 | Shoals:4 | Got a barnacled rune of Zot
 38338 | Shoals:4 | Learned a level 3 spell: Ignite Poison
 38405 | Shoals:4 | Found the dreamshard necklace {Acrobat *Dream}
 38497 | Shoals:4 | Received a gift from Sif Muna
 38499 | Shoals:4 | Got Sif Muna's Further Steps in Theurgy {god gift}
 39123 | Vaults:1 | Entered Level 1 of the Vaults
 39273 | Vaults:1 | Found Muegricha's Jewellery Emporium.
 39341 | Vaults:1 | Found a magical portal.
 39346 | WizLab   | Entered Wucad Mu's Monastery
 39777 | WizLab   | Found the crystal ball of Wucad Mu {*channel}
 39888 | WizLab   | Reached XP level 20. HP: 149/158 MP: 26/38
 40113 | Vaults:1 | Lost mutation: You have a pair of small antennae on your
                  | head. [potion of mutation]
 40113 | Vaults:1 | Lost mutation: Your muscles are strong. (Str +4, Int/Dex
                  | -1) [potion of mutation]
 40113 | Vaults:1 | Gained mutation: You have extremely sharp teeth. [potion of
                  | mutation]
 40113 | Vaults:1 | Gained mutation: Your spells are a little easier to cast,
                  | but a little less powerful. [potion of mutation]
 40113 | Vaults:1 | Gained mutation: You have sharp toenails. [potion of
                  | mutation]
 40113 | Vaults:1 | Gained mutation: Your flesh is cold resistant. (rC+)
                  | [potion of mutation]
 40114 | Vaults:1 | Lost mutation: You have sharp toenails. [potion of
                  | mutation]
 40114 | Vaults:1 | Lost mutation: Your spells are a little easier to cast, but
                  | a little less powerful. [potion of mutation]
 40114 | Vaults:1 | Gained mutation: You passively map a small area around you.
                  | [potion of mutation]
 40114 | Vaults:1 | Lost mutation: Your flesh is cold resistant. (rC+) [potion
                  | of mutation]
 41401 | Vaults:2 | Received a gift from Sif Muna
 41402 | Vaults:2 | Got Sif Muna's Tome of Attacks and the Commander {god gift}
 41421 | Vaults:2 | Reached skill level 19 in Unarmed Combat
 41424 | Vaults:2 | Reached skill level 15 in Invocations
 41427 | Vaults:2 | Reached XP level 21. HP: 72/166 MP: 33/39
 41566 | Vaults:2 | Found a crumbling gateway.
 41570 | Desolati | Entered the Desolation of Salt
 41810 | Desolati | HP: 4/153 [saltling (20)]
 41810 | Desolati | Killed from afar by a halazid warlock

Illustrated notes

Levels and vault maps discovered:
D:1:      erik_arrival_orb_chamber, layout_rooms
D:2:      layout_rooms, kennysheep_cross_room, st_stairs_12
D:3:      layout_basic, mainiacjoe_overflow_catwalk_spiral, uniq_grinder
D:4:      kennysheep_big_flooded_room, layout_rooms, lemuel_tele_altar,
          mainiacjoe_overflow_six_doors_small,
          minmay_temple_entry_drinking_statues, ebering_ghost_disaster_area,
          serial_shops, shop, nicolae_square_shop
D:5:      layout_basic, tgw_fedhas, mainiacjoe_overflow_brackets,
          small_statue_alley_b, corexii_shack
D:6:      cheibrodos_barr_body, layout_basic, lemuel_zombie_altar_kikubaaqudgha,
          uniq_sigmund, uniq_edmund
D:7:      cheibrodos_wizards_tower, layout_basic
D:8:      layout_gridville, mainiacjoe_overflow_catch_the_wave
D:9:      layout_long_grid, nicolae_yredelemnul_corpse_copse,
          nicolae_wu_jian_wuxing_cycle, uniq_maurice
D:10:     layout_roguey, old_standard_altar, erik_lair_orcish_takeover,
          serial_bayou_pond_b, uniq_sonja
D:11:     layout_irregular_city, nicolae_trove_entry_diagonal
D:12:     layout_loops_ring, minmay_orc_entry_temple_small,
          grunt_decor_one_mirror
D:13:     kennysheep_scales, layout_layer_cave, skrybe_vaults_entry_preservation
D:14:     layout_loops_ring, serial_bayou, serial_bayou_pond_b,
          serial_bayou_shore_b, serial_bayou_lagoon_a, serial_bayou_lagoon_b,
          minmay_misc_feat_alley, uniq_nessos
D:15:     hangedman_depths_entry_try_elsewhere_first, layout_rooms,
          serial_bayou, serial_bayou_shore_a, serial_bayou_pond_c,
          serial_bayou_crossing, serial_bayou_pond_b, hangedman_decor_slide_cut,
          einodemon_armed_red_devil_minivault
Temple:   hellmonk_temple_beads
Lair:1:   layout_hall_layers
Lair:2:   layout_loops_ring, minmay_shoals_entry_centaurs,
          guppyfry_snake_entry_garden, portal_ice_cave_entry_pillars_2,
          serial_bayou_shore_b
Lair:3:   layout_cellular_growth
Lair:4:   layout_cave_pods, basic_altar, chequers_serial_rivers_small_3,
          grunt_megastairs_4
Lair:5:   hangedman_lair_tendril_chambers, layout_cave_pods, wormcave,
          nicolae_slime_entry_slimehenge, gauntlet_entry_generic,
          gammafunk_ghost_hive, minivault_23
Shoals:1: layout_shoals, nicolae_shoals_square_sea_wall
Shoals:2: layout_shoals, nicolae_shop_firing_range
Shoals:3: layout_shoals, hellmonk_ghost_happy_afterlife
Shoals:4: shoals_end_hangedman, layout_shoals
Snake:1:  layout_rooms, nicolae_large_snake_swirl, uniq_mlioglotl
Snake:2:  layout_rooms, basic_altar, grunt_ministairs_1, uniq_vashnia,
          uniq_frances, uniq_aizul
Snake:3:  gammafunk_sealed_arena, layout_misc_corridors, serial_shops,
          nicolae_shop_rolled_up, grunt_megastairs_2, uniq_donald
Snake:4:  minmay_snake_end_coiled, layout_grid_shapes,
          gammafunk_ghost_wrathful_warriors, lemuel_fruit_tree
Orc:1:    layout_caves
Orc:2:    grunt_orc_cross, layout_diamond_mine
Elf:1:    eino_elf_arrival_altar, layout_geoelf_octagon, serial_shops, shop,
          hangedman_elf_represent
Elf:2:    elven_hall_of_blades_hangedman_original
          [nicolae_blade_entry_crossed_weapons], layout_gridlike, serial_shops,
          nicolae_shop_crystal, einodemon_barbed_minivault,
          lemuel_upstairs_altar, uniq_jorgrun
Vaults:1: mu_enter_wizlab_2, ontoclasm_vaults_pinch,
          nicolae_vaults_variable_pillar_hall, nicolae_vaults_know_your_exits,
          v_misc_17, v_misc_25, vaults_room_hallway,
          nicolae_vaults_tetromino_T_2, nicolae_vaults_tangram_1,
          nicolae_vaults_turnstiles, layout_vaults_quadrants, serial_shops, shop
Vaults:2: portal_desolation_entry_nicolae_nacl,
          nicolae_vaults_shrinking_rooms_1, nicolae_vaults_triangles,
          vaults_mumra_hex, ontoclasm_vaults_water_temple,
          nicolae_vaults_little_squares_4, nicolae_vaults_door_testing_chamber,
          nicolae_vaults_twisting_passages, nicolae_vaults_trapezoid_2,
          minmay_crypt_entry_nasty_monster, nicolae_vaults_tetromino_T_2,
          nicolae_vaults_storage_room_statues, nicolae_vaults_closet_pinwheel_4,
          nicolae_vaults_double_plus_1, layout_vaults_maze_snakey, serial_shops,
          shop
Desolation

Skill      XL: |  1  2  3  4  5  6  7  8  9 10 11 12 13 14 15 16 17 18 19 20 21 |
---------------+----------------------------------------------------------------+-----
Conjurations   | 2 3 4 5 6 7 8 9 10 11 12 13 | 13.1
Spellcasting   | 5 6 7 8 9 10 11 12 13 14 | 14.8
Invocations    | 1 2 3 4 5 6 7 8 9 10 11 12 13 14 15 | 15.1
Unarmed Combat | 1 2 3 4 5 7 8 10 11 12 13 14 15 16 17 18 19 | 19.2
Fighting       | 1 2 3 4 5 7 8 9 10 11 12 13 14 | 14.7
Short Blades   | 1 2 3 4 5 7 8 9 11 12 14 15 16 | 16.8
Long Blades    | 1 2 3 4 5 7 8 9 10 11 12 13 14 | 14.0
Axes           | 1 2 3 4 5 7 8 9 10 11 12 13 14 | 14.0
Maces & Flails | 1 2 3 4 5 7 8 9 10 11 12 13 14 | 14.0
Polearms       | 1 2 3 4 5 7 8 9 10 11 12 13 14 | 14.0
Staves         | 1 2 3 4 5 7 8 9 10 11 12 13 14 | 14.0
Ranged Weapons | 1 2 3 4 5 7 8 9 10 11 12 13 14 | 14.0
Throwing       | 1 2 3 4 5 7 8 9 10 11 12 13 14 | 14.0
Armour         | 1 2 3 4 5 7 8 9 10 11 12 13 14 | 14.0
Shields        | 1 2 3 4 5 7 8 9 10 11 12 13 14 | 14.0
Evocations     | 1 2 3 4 5 7 8 9 10 11 12 13 14 | 14.0
Shapeshifting  | 1 2 3 4 5 6 7 8 9 10 11 12 | 12.9
Hexes          | 1 2 3 4 5 6 7 8 9 10 11 | 11.9
Summonings     | 1 2 3 4 5 6 7 8 9 10 11 | 11.9
Necromancy     | 1 2 3 4 5 6 7 8 9 10 11 | 11.9
Translocations | 1 2 3 4 5 6 7 8 9 10 11 | 11.9
Transmutations | 1 2 3 4 5 6 7 8 9 10 11 | 11.9
Fire Magic     | 1 2 3 4 5 6 7 8 9 10 11 | 11.9
Ice Magic      | 1 2 3 4 5 6 7 8 9 10 11 | 11.9
Earth Magic    | 1 2 3 4 5 6 7 8 9 10 11 | 11.9
Poison Magic   | 1 2 3 4 5 6 7 8 9 10 11 | 11.9
Dodging        | 5 6 7 8 9 10 11 12 13 14 | 14.6
Stealth        | 5 6 7 8 9 10 11 12 13 14 | 14.5
Air Magic      | 6 7 8 9 10 11 12 13 | 13.0

Action                     |  1- 3 |  4- 6 |  7- 9 | 10-12 | 13-15 | 16-18 | 19-21 || total
---------------------------+-------+-------+-------+-------+-------+-------+-------++-------
  Melee: Club              |    27 |       |       |       |       |       |       ||    27
         Unarmed           |     3 |       |       |       |       |       |       ||     3
         Bite              |     5 |     6 |    28 |    51 |   131 |   152 |    59 ||   432
         Short sword       |    27 |    41 |       |       |       |       |       ||    68
         Punch             |       |     3 |       |       |       |       |       ||     3
         Hand axe          |       |    31 |    30 |       |       |       |       ||    61
         War axe           |       |       |   107 |       |       |       |       ||   107
         Long sword        |       |       |    38 |   366 |   871 |   416 |       ||  1691
         Eudemon blade     |       |       |       |       |    21 |     2 |    13 ||    36
         Rapier            |       |       |       |       |       |   605 |   350 ||   955
  Throw: Dart              |       |       |     2 |       |     1 |     5 |     1 ||     9
   Cast: Shock             |    43 |    39 |    13 |       |       |       |       ||    95
         Airstrike         |       |     6 |    38 |    22 |    28 |    30 |     4 ||   128
         Swiftness         |       |       |     1 |       |       |       |       ||     1
         Olgreb's Toxic Ra |       |       |     9 |    47 |    67 |    71 |    57 ||   251
         Frozen Ramparts   |       |       |       |     1 |     8 |    47 |     1 ||    57
         Arcjolt           |       |       |       |       |    11 |     8 |     8 ||    27
         Sticky Flame      |       |       |       |       |     2 |    15 |     3 ||    20
         Anguish           |       |       |       |       |     1 |     9 |       ||    10
         Blink             |       |       |       |       |     1 |    10 |    30 ||    41
         Maxwell's Capacit |       |       |       |       |       |     4 |       ||     4
         Lee's Rapid Decon |       |       |       |       |       |     5 |    12 ||    17
         Discord           |       |       |       |       |       |     2 |       ||     2
         Ignite Poison     |       |       |       |       |       |       |    19 ||    19
         Freezing Cloud    |       |       |       |       |       |       |     9 ||     9
         Dragon's Call     |       |       |       |       |       |       |     2 ||     2
 Invoke: Channel Magic     |       |       |       |       |     1 |       |     5 ||     6
         Divine Exegesis   |       |       |       |       |       |     6 |     2 ||     8
Ability: Evoke Blink       |       |       |     1 |     1 |       |       |       ||     2
  Evoke: Wand              |       |       |     1 |       |       |     2 |       ||     3
         Phantom mirror    |       |       |       |       |     1 |     1 |     1 ||     3
         Phial of floods   |       |       |       |       |       |     1 |     1 ||     2
    Use: Scroll            |     2 |     1 |     4 |    12 |     5 |     9 |     5 ||    38
         Potion            |       |     1 |       |     7 |     4 |     4 |    14 ||    30
   Stab: Sleeping          |     1 |     6 |     2 |    11 |    30 |    14 |     5 ||    69
         Paralysed         |       |       |     4 |       |       |     5 |       ||     9
         Distracted        |       |       |       |     1 |     3 |     1 |     1 ||     6
 Armour: Robe              |    27 |    24 |    29 |    42 |       |       |       ||   122
         Steam dragon scal |       |       |       |    36 |       |       |       ||    36
         Troll leather arm |       |       |       |    21 |   125 |       |       ||   146
         Ice dragon scales |       |       |       |       |   159 |   334 |   325 ||   818
  Dodge: Dodged            |    57 |    37 |    70 |   285 |   608 |   392 |   288 ||  1737
  Block: Buckler           |       |       |    27 |   105 |   264 |       |    63 ||   459
         Kite shield       |       |       |       |       |   428 |  1062 |   327 ||  1817
         Reflection        |       |       |       |       |    29 |   144 |     7 ||   180

Table legend: (Time is in decaauts)
 A = Elapsed time spent in this place.
 B = Non-inter-level travel time spent in this place.
 C = Inter-level travel time spent in this place.
 D = Time resting spent in this place.
 E = Time spent auto-exploring this place.
 F = Levels seen in this place.
 G = Mean time per level.
                   A        B        C        D        E       F      G
               +--------+--------+--------+--------+--------+-----+--------+
         Total |  41955 |  39213 |   2742 |   6891 |  17306 |  39 | 1075.8 |
       Dungeon |  17479 |  15782 |   1697 |   2204 |   8801 |  15 | 1165.3 |
        Temple |      1 |      1 |      0 |      0 |      0 |   1 |    1.0 |
          Lair |   6190 |   5647 |    543 |    149 |   3516 |   5 | 1238.0 |
        Shoals |   3693 |   3618 |     75 |    797 |    780 |   4 |  923.2 |
     Snake Pit |   5976 |   5851 |    125 |   1866 |   1800 |   4 | 1494.0 |
  Orcish Mines |   2231 |   2030 |    201 |    392 |    583 |   2 | 1115.5 |
   Elven Halls |   2531 |   2456 |     75 |    712 |    896 |   2 | 1265.5 |
        Vaults |   1657 |   1633 |     24 |    114 |    827 |   2 |  828.5 |
      Ice Cave |    818 |    818 |      0 |    262 |      0 |   1 |  818.0 |
        Wizlab |    648 |    648 |      0 |    174 |    103 |   1 |  648.0 |
    Desolation |    212 |    212 |      0 |     64 |      0 |   1 |  212.0 |
      Gauntlet |    514 |    514 |      0 |    156 |      0 |   1 |  514.0 |
               +--------+--------+--------+--------+--------+-----+--------+

Top non-repeatable levels by time:
 Snake:4: 2091 daAuts
     D:5: 2048 daAuts
  Lair:5: 1947 daAuts
   Orc:2: 1754 daAuts
Shoals:2: 1638 daAuts
Vaults:1: 1557 daAuts
   Elf:1: 1456 daAuts
    D:13: 1454 daAuts
     D:6: 1440 daAuts
    D:10: 1387 daAuts
    D:11: 1363 daAuts
    D:15: 1351 daAuts
 Snake:3: 1338 daAuts
 Snake:1: 1328 daAuts
    D:12: 1251 daAuts
